 Seeded DCSS version 0.30.1-3-gfc49f6343a (webtiles) character file.

Game seed: 8857890596225370190 (custom seed)

953 CInkIbrahim the Spear-Bearer (level 8, -3/58 HPs)
             Began as a Formicid Fighter on July 20, 2023.
             Was an Initiate of Gozag.
             Slain by a gnoll bouda
             ... wielding a +0 club
              (7 damage)
             ... on level 6 of the Dungeon on July 21, 2023.
             The game lasted 00:07:40 (4777 turns).

CInkIbrahim the Spear-Bearer (Formicid Fighter)     Turns: 4777, Time: 00:07:41

Health: -3/58      AC:  6    Str: 23    XL:     8   Next: 36%
Magic:  8/8        EV:  9    Int:  8    God:    Gozag
Gold:   210        SH:  5    Dex: 13    Spells: 7/7 levels left

rFire   . . .        a - +1 trident
rCold   . . .        c - +0 buckler
rNeg    . . .        b - +0 scale mail
rPois   +            (helmet unavailable)
rElec   .            (no cloak)
rCorr   .            (no gloves)
SInv    +            (no boots)
Will    +....        q - amulet of regeneration Stlth
                     m - ring of willpower
HPRegen 1.09/turn    u - ring of poison resistance
MPRegen 0.11/turn

%: no passive effects
@: mighty, attractive
A: permanent stasis, dig shafts and tunnels, antennae 3, four strong arms
a: Dig, Shaft Self, Renounce Religion, Potion Petition, Call Merchant, Bribe
Branch


You were on level 6 of the Dungeon.
You worshipped Gozag.
Gozag was aware of your devotion.
You visited 2 branches of the dungeon, and saw 7 of its levels.

You collected 281 gold pieces.
You paid 71 gold pieces to Gozag.

Inventory:

Hand Weapons
 a - a +1 trident (weapon)
Missiles
 p - 4 silver javelins
Armour
 b - a +0 scale mail (worn)
 c - a +0 buckler (worn)
Jewellery
 e - a ring of magical power
 m - a ring of willpower (left hand)
 q - an amulet of regeneration (around neck)
 u - a ring of poison resistance (right hand)
 v - a ring of wizardry
 x - a ring of flight
Wands
 s - a wand of iceblast (8)
 B - a wand of digging (1)
Scrolls
 g - a scroll of amnesia
 k - 2 scrolls of teleportation
 l - 2 scrolls of blinking
 o - 2 scrolls of noise
 w - a scroll of silence {unknown}
 y - a scroll of magic mapping
 z - a scroll of vulnerability
 C - a scroll of immolation {unknown}
Potions
 d - 2 potions of might
 f - a potion of berserk rage {unknown}
 h - a potion of curing
 i - 2 potions of degeneration
 j - a potion of attraction
 n - a potion of lignification {unknown}
 r - a potion of flight {unknown}
 t - a potion of cancellation {unknown}


   Skills:
 - Level 3.2 Fighting
 + Level 9.3 Polearms
 - Level 3.2 Armour
 - Level 4.0 Shields


You had 7 spell levels left.
You didn't know any spells.
Your spell library contained the following spells:

 Spells                   Type           Power      Damage    Failure   Level
 Summon Small Mammal      Summ           0%         N/A       78%         1
 Sublimation of Blood     Necr           0%         N/A       89%         2
 Wereblood                Tmut           0%         N/A       89%         2
 Call Canine Familiar     Summ           0%         N/A       98%         3
 Summon Guardian Golem    Hex/Summ       0%         N/A       98%         3
 Arcjolt                  Conj/Air       0%         1d10      100%        5
 Plasma Beam              Fire/Air       0%         2x1d11    100%        6
 Summon Hydra             Summ           0%         N/A       100%        7
 Vhi's Electric Charge    Tloc/Air       Unusable   N/A       N/A         3

Dungeon Overview and Level Annotations

Branches:
Dungeon (6/15)             Temple (1/1) D:4

Altars:
Ashenzari
Cheibriados
Elyvilon
Fedhas
Gozag
Hepliaklqana
Kikubaaqudgha
Makhleb
Nemelex Xobeh
Okawaru
Qazlal
Ru
Sif Muna
Trog
Uskayaw
Vehumet
Wu Jian
Xom
Yredelemnul
Zin
The Shining One

Shops:
D:1 (   D:3 (   D:5 :


Innate Abilities, Weirdness & Mutations

You cannot be hasted, slowed, berserked, paralysed or teleported.
You can dig through walls and to a lower floor.
You have a pair of large antennae on your head. (SInv)
Your four strong arms can wield two-handed weapons with a shield.


Message History

You hit the electric eel.
The electric eel is almost dead.
You puncture the electric eel!
You kill the electric eel!
You now have 210 gold pieces (gained 5).
You feel better.
The gnoll bouda barks out a call to the hunt!
The gnoll bouda gazes fiercely through you!
You feel your attacks grow feeble.
Found a murky clear potion.
An ogre comes into view. It is wielding a +0 giant club.
Your attacks no longer feel as feeble.
The ogre shouts!
You see here a murky clear potion.
Okay, then.
Unknown command.
You feel very mighty all of a sudden.
A gnoll comes into view. It is wielding a +0 club.
It was a potion of attraction.
You feel attractive to monsters.
A phantom comes into view.
The ogre is attracted toward you.
The gnoll bouda is attracted toward you.
The phantom is attracted toward you.
You hit the ogre.
The ogre is moderately wounded.
The ogre hits you with a +0 giant club!!
* * * LOW HITPOINT WARNING * * *
A steam dragon comes into view.
The gnoll bouda hits you with a +0 club.
* * * LOW HITPOINT WARNING * * *
A gnoll comes into view. It is wielding a +0 spear.
The phantom is attracted toward you. The gnoll is attracted toward you.
The steam dragon is attracted toward you.
The gnoll is attracted toward you.
You puncture the ogre!
The ogre is heavily wounded.
The gnoll bouda hits you with a +0 club!
You die...
Your body crumbles into a pile of gold.

.. ...# §. ##...# #.
.....## #. ....... $
#.#.....# D......#
#§.....# #OW....#
#@.....# #g###+##
######### ##g#
#..###........
####..####...#........
#...[.g...............
#.≈≈≈≈≈.≈≈≈≈≈.≈≈≈≈≈.≈≈
#.≈###≈.≈###≈.≈###≈.≈#
#.≈ #≈g≈# #≈.≈# #≈.≈#
#.≈###≈.≈###≈.≈# #≈.≈#


You could see a steam dragon, an ogre, a phantom, a gnoll bouda and 2 gnolls.

Vanquished Creatures
  A water moccasin (D:6)
  A phantom (D:6)
  2 electric eels (D:6)
  4 hounds
  An orc priest (D:3)
  5 iguanas
  Terence (D:2)
  A sleepcap (D:6)
  Natasha (thrice) (D:2)
  6 orc wizards (D:5)
  7 adders
  A white imp (D:5)
  An ufetubus (D:5)
  2 dart slugs (D:1)
  8 orcs
  7 ball pythons
  7 bats
  9 endoplasms
  4 giant cockroaches
  6 goblins
  9 hobgoblins
  2 jackals (D:1)
  A quokka (D:4)
  7 frilled lizards
  10 kobolds
  2 rats
108 creatures vanquished.

Notes
Turn   | Place    | Note
-------+----------+-------------------------------------------
     0 | D:1      | CInkIbrahim the Formicid Fighter began the quest for the
                  | Orb.
     0 | D:1      | Reached XP level 1. HP: 18/18 MP: 1/1
    94 | D:1      | Reached XP level 2. HP: 24/24 MP: 2/2
   200 | D:1      | Found Hekkosou's Antique Weapon Boutique.
   208 | D:1      | Reached skill level 3 in Polearms
   349 | D:1      | Reached XP level 3. HP: 29/29 MP: 3/3
  1130 | D:2      | Reached skill level 4 in Polearms
  1130 | D:2      | Reached XP level 4. HP: 23/35 MP: 4/4
  1320 | D:2      | Noticed Natasha
  1335 | D:2      | Killed Natasha
  1336 | D:2      | Reached XP level 5. HP: 18/41 MP: 5/5
  1380 | D:2      | Noticed Natasha
  1392 | D:2      | Killed Natasha
  1393 | D:2      | Reached skill level 5 in Polearms
  1398 | D:2      | Noticed Natasha
  1648 | D:2      | Killed Natasha
  1728 | D:2      | Noticed Terence
  1735 | D:2      | Killed Terence
  1950 | D:2      | Reached XP level 6. HP: 44/47 MP: 6/6
  2030 | D:3      | Found an iron altar of Okawaru.
  2099 | D:3      | Found Eduatt's Weapon Boutique.
  2160 | D:3      | Reached skill level 6 in Polearms
  2622 | D:3      | Found a sacrificial altar of Ru.
  3152 | D:4      | Found a staircase to the Ecumenical Temple.
  3174 | Temple   | Entered the Ecumenical Temple
  3562 | D:4      | Reached XP level 7. HP: 52/52 MP: 7/7
  3598 | D:4      | Found a bloodstained altar of Trog.
  3707 | D:4      | Reached skill level 7 in Polearms
  3839 | D:5      | Entered Level 5 of the Dungeon
  4070 | D:5      | Found Bicwah's Book Boutique.
  4151 | D:5      | Found a glowing silver altar of Zin.
  4377 | D:5      | Reached skill level 8 in Polearms
  4506 | D:5      | Found an opulent altar of Gozag.
  4514 | D:5      | Became a worshipper of Gozag Ym Sagoz the Greedy
  4588 | D:6      | Noticed a water moccasin
  4597 | D:6      | Killed a water moccasin
  4598 | D:6      | Reached XP level 8. HP: 35/58 MP: 8/8
  4723 | D:6      | Reached skill level 9 in Polearms
  4777 | D:6      | Slain by a gnoll bouda

Illustrated notes

Levels and vault maps discovered:
D:1:      matt_arrival_refuge, layout_loops_corners, serial_shops, shop,
          minmay_hexomino_u4
D:2:      layout_rooms, nicolae_underground_beach, uniq_natasha, uniq_terence
D:3:      layout_basic, nicolae_ru_the_path_less_chosen, amcnicky_altar_gilded,
          serial_shops, nicolae_shop_tiny_glass
D:4:      layout_loops_ring, mainiacjoe_overflow_surrounded_room,
          minmay_temple_entry_stoned_glass
D:5:      layout_loops_cross, pdpol_temple_overflow_zin_treasury_gozag_greed,
          serial_shops, nicolae_shop_behind_doors
D:6:      layout_basic, mainiacjoe_overflow_brackets, serial_shops,
          nicolae_shop_back_alley_shop, dk_vineyard_3, kennysheep_boxes
Temple:   kb_temple_of_zot

Skill      XL: |  1  2  3  4  5  6  7  8 |
---------------+-------------------------+-----
Polearms       | 3 4 5 6 8 9 |  9.3
Fighting       | |  3.2
Armour         | |  3.2
Shields        | |  4.0

Action                     |  1- 3 |  4- 6 |  7- 9 || total
---------------------------+-------+-------+-------++-------
  Melee: Trident           |    93 |   196 |   134 ||   423
Ability: Dig               |       |     2 |       ||     2
    Use: Scroll            |       |     7 |     3 ||    10
         Potion            |       |       |     3 ||     3
 Armour: Scale mail        |    27 |    41 |    35 ||   103
  Dodge: Dodged            |    21 |    54 |    49 ||   124
  Block: Buckler           |    16 |    28 |    17 ||    61
